 Dungeon Crawl Stone Soup version 0.27-a0-124-g19cb506db8 (webtiles) character file.

Game seed: 12378152744327931394

160 knot the Chopper (level 5, -5/42 HPs)
             Began as a Demonspawn Berserker on Jan 26, 2021.
             Was a Follower of Trog.
             Killed from afar by an orc wizard (6 damage)
             ... with a puff of frost
             ... on level 2 of the Dungeon.
             The game lasted 00:02:29 (1642 turns).

knot the Chopper (Demonspawn Berserker)             Turns: 1642, Time: 00:02:32

Health: -5/42      AC:  6    Str: 17    XL:     5   Next: 17%
Magic:  0/5        EV: 11    Int: 10    God:    Trog [*.....]
Gold:   50         SH:  5    Dex: 12    Spells: 4/4 levels left

rFire    . . .     SeeInvis .   a - +0 hand axe
rCold    . . .     Faith    .   (no shield)
rNeg     . . .     Spirit   +   e - +0 ring mail
rPois    .         Reflect  +   (no helmet)
rElec    .         Harm     .   (no cloak)
rCorr    .         Rampage  .   (no gloves)
Will     .....                  (no boots)
Stlth    +.........             i - amulet of reflection
HPRegen  0.14/turn              (no ring)
MPRegen  0.09/turn              (no ring)

@: mighty, berserk cooldown, attractive, slowed, very slow
A: claws 1, rugged brown scales 1, magic shield
a: Renounce Religion, Berserk


You were on level 2 of the Dungeon.
You worshipped Trog.
Trog was aware of your devotion.
You visited 1 branch of the dungeon, and saw 2 of its levels.

You collected 50 gold pieces.

Inventory:

Hand Weapons
 a - a +0 hand axe (weapon)
Missiles
 c - 52 stones (quivered)
Armour
 e - a +0 ring mail (worn)
Jewellery
 i - an amulet of reflection (around neck)
Scrolls
 b - a scroll of identify {unknown}
 f - 3 scrolls of remove curse {unknown}
 g - a scroll of fog {unknown}
 j - a scroll of teleportation {unknown}
Potions
 d - a potion of curing {unknown}


   Skills:
 - Level 3.0 Fighting
 * Level 4.7 Axes
 * Level 2.2 Throwing
 - Level 1.7 Armour
 - Level 1.7 Dodging


You had 4 spell levels left.
You didn't know any spells.
Your spell library was empty.

Dungeon Overview and Level Annotations

Branches:
Dungeon (2/15)

Altars:
Dithmenos


Innate Abilities, Weirdness & Mutations

You have sharp fingernails.
You are partially covered in rugged brown scales. (AC +1, +3% HP)
When hurt, damage is shared between your health and your magic reserves.


Message History

You feel yourself slow down. Something hits you but does no damage.
The orc throws a stone.
The stone closely misses you.
You miss something.
You hear some strange, mumbled words.
A puff of frost appears from out of thin air!
The puff of frost hits you.
* * * LOW HITPOINT WARNING * * *
Something hits you.
* * * LOW HITPOINT WARNING * * *
The orc throws a stone.
The stone barely misses you. You block something's attack.
Okay, then.
It was a potion of attraction.
You feel attractive to monsters.
The orc throws a stone.
The stone closely misses you. Something hits you but does no damage.
You hear some strange, mumbled words.
A puff of frost appears from out of thin air!
The puff of frost hits you!
You die...

#.##........# ......#
#..+........# /......
#..#........# ###### .......
#..........## #....# .......
#.########.# #.##.# # .....
#.# #####.# #.#..# .. #o.. #.#
#§....######.#.## #
.###.(.###.####§§..†.......#.#
.......(....o{@.§.........>#.#
.#.#############...######.##.#
# ##### #.##.# # #.##.# #
#.##.# # #.##.# # #.##.# #
#.##.## # #.##...


You could see an orc.

Vanquished Creatures
  An orc warrior (D:2)
  An orc wizard (D:2)
  An ooze (D:2)
  A dart slug (D:1)
  A leopard gecko (D:1)
  4 bats
  A giant cockroach (D:1)
  3 goblins (D:1)
  4 hobgoblins
  7 jackals
  A ball python (D:1)
  A frilled lizard (D:1)
  3 kobolds (D:1)
  2 rats
31 creatures vanquished.

Notes
Turn   | Place    | Note
-------+----------+-------------------------------------------
     0 | D:1      | knot the Demonspawn Berserker began the quest for the Orb.
     0 | D:1      | Reached XP level 1. HP: 18/18 MP: 1/1
   114 | D:1      | Reached skill level 3 in Axes
   302 | D:1      | Gained mutation: You have sharp fingernails. [demonic
                  | ancestry]
   302 | D:1      | Reached XP level 2. HP: 13/24 MP: 2/2
  1106 | D:1      | Gained mutation: When hurt, damage is shared between your
                  | health and your magic reserves. [demonic ancestry]
  1106 | D:1      | Reached XP level 3. HP: 29/29 MP: 3/3
  1390 | D:2      | Noticed an orc warrior
  1492 | D:2      | Reached skill level 4 in Axes
  1543 | D:2      | Found a shadowy altar of Dithmenos.
  1628 | D:2      | Reached skill level 1 in Throwing
  1628 | D:2      | Reached XP level 4. HP: 35/35 MP: 4/4
  1633 | D:2      | Killed an orc warrior
  1634 | D:2      | Gained mutation: You are partially covered in rugged brown
                  | scales. (AC +1, +3% HP) [demonic ancestry]
  1634 | D:2      | Reached XP level 5. HP: 16/42 MP: 1/5
  1641 | D:2      | HP: 1/42 [something (2)]
  1642 | D:2      | Killed from afar by an orc wizard

Illustrated notes

Levels and vault maps discovered:
D:1:      dpeg_arrival_long_road, layout_basic, serial_aquarium,
          aquarium_bridge_straight [aquarium_subvault_bridge,
          aquarium_subvault_wall, aquarium_subvault_bridge,
          aquarium_subvault_window], aquarium_bridge_straight
          [aquarium_subvault_bridge, aquarium_subvault_wall,
          aquarium_subvault_bridge, aquarium_subvault_wall],
          aquarium_window_fake, aquarium_window_corridor_1, aquarium_view_2c,
          aquarium_view_2c, aquarium_pool_double, minmay_misc_feat_room
D:2:      layout_basic, old_standard_altar, grunt_dithmenos_smoke

Skill      XL: |  1  2  3  4 |
---------------+-------------+-----
Axes           | 3 4 |  4.7
Throwing       | 1 2 |  2.2
Fighting       | |  3.0
Armour         | |  1.7
Dodging        | |  1.7

Action                   |  1- 3 |  4- 6 || total
-------------------------+-------+-------++-------
Melee: Hand axe          |   105 |    14 ||   119
Throw: Javelin           |     4 |       ||     4
Invok: Berserk           |     2 |       ||     2
  Use: Potion            |     1 |     1 ||     2
Armor: Animal skin       |     7 |       ||     7
       Ring mail         |    43 |     7 ||    50
Dodge: Dodged            |    79 |     4 ||    83
Block: Other             |     1 |     1 ||     2

Table legend: (Time is in decaauts)
 A = Elapsed time spent in this place.
 B = Non-inter-level travel time spent in this place.
 C = Inter-level travel time spent in this place.
 D = Time resting spent in this place.
 E = Time spent auto-exploring this place.
 F = Levels seen in this place.
 G = Mean time per level.
                   A        B        C        D        E       F      G
               +--------+--------+--------+--------+--------+-----+--------+
         Total |   1666 |   1550 |    116 |    161 |   1129 |   2 |  833.0 |
       Dungeon |   1666 |   1550 |    116 |    161 |   1129 |   2 |  833.0 |
               +--------+--------+--------+--------+--------+-----+--------+

Top non-repeatable levels by time:
     D:1: 1480 daAuts
     D:2: 186 daAuts
